 Dungeon Crawl Stone Soup version 0.28-a0-845-gfc338a8e3c (webtiles) character file.

Game seed: 4740826839205324380

4 ders the Digger (level 1, 0/10 HPs)
             Began as a Gargoyle Earth Elementalist on Nov 12, 2021.
             Slain by a gnoll (3 damage)
             ... on level 1 of the Dungeon.
             The game lasted 00:00:24 (213 turns).

ders the Digger (Gargoyle Earth Elementalist)        Turns: 213, Time: 00:00:25

Health: 0/10       AC:  4    Str: 11    XL:     1   Next: 60%
Magic:  0/3        EV: 11    Int: 15    God:
Gold:   0          SH:  0    Dex: 10    Spells: 3/4 levels left

rFire   . . .      SeeInvis .   (no weapon)
rCold   . . .      Faith    .   (no shield)
rNeg    + . .      Spirit   .   b - +0 robe
rPois   ∞          Reflect  .   (no helmet)
rElec   +          Harm     .   (no cloak)
rCorr   .          Rampage  .   (no gloves)
Will    .....                   (no boots)
Stlth   ++........              (no amulet)
HPRegen 0.03/turn               (no ring)
MPRegen 0.08/turn               (no ring)

@: no status effects
A: sickness immunity, AC +2, negative energy resistance 1, electricity
resistance, torment resistance 1, petrification resistance
a: no special abilities


You were on level 1 of the Dungeon.
You visited 1 branch of the dungeon, and saw 1 of its levels.

Inventory:

Missiles
 c - 22 stones
Armour
 b - a +0 robe (worn)


   Skills:
 - Level 1.5 Dodging
 - Level 2.2 Stealth
 + Level 2.0 Spellcasting
 + Level 0.7 Transmutations
 + Level 3.9 Earth Magic


You had 3 spell levels left.
You knew the following spells:

 Your Spells              Type           Power      Damage    Failure   Level
a - Sandblast             Erth           26%        2d8       4%          1

Your spell library contained the following spells:

 Spells                   Type           Power      Damage    Failure   Level
 Passwall                 Tmut/Erth      6%         N/A       13%         2
 Stone Arrow              Conj/Erth      14%        3d7       30%         3
 Petrify                  Tmut/Erth      8%         N/A       63%         4


Dungeon Overview and Level Annotations

Branches:
Dungeon (1/15)

Altars:


Innate Abilities, Weirdness & Mutations

You are immune to sickness and miasma.
Your stone body is resilient. (AC +2)
You are immune to poison.
You resist negative energy. (rN+)
You are resistant to electric shocks. (rElec)
You are resistant to unholy torment.
You are immune to petrification.


Message History

Casting: Sandblast (safe; 4% risk of failure)
Confirm with . or Enter, or press ? or * to list all spells.
Aiming: Sandblast (safe; 4% risk of failure)
Press: ? - help, Shift-Dir - straight line, f - gnoll
Aim: a gnoll, wielding a +0 spear (asleep, 100% to hit)
The blast of sand hits the gnoll.
The gnoll is moderately wounded.
The gnoll shouts!
Unknown command.
Casting: Sandblast (safe; 4% risk of failure)
Confirm with . or Enter, or press ? or * to list all spells.
Aiming: Sandblast (safe; 4% risk of failure)
Press: ? - help, Shift-Dir - straight line, f/p - gnoll
Aim: a gnoll, wielding a +0 spear (moderately wounded, 82% to hit)
The blast of sand hits the gnoll.
The gnoll is severely wounded.
Unknown command.
Casting: Sandblast (safe; 4% risk of failure)
Confirm with . or Enter, or press ? or * to list all spells.
Aiming: Sandblast (safe; 4% risk of failure)
Press: ? - help, Shift-Dir - straight line, f/p - gnoll
Aim: a gnoll, wielding a +0 spear (severely wounded, 82% to hit)
The blast of sand hits the gnoll.
The gnoll is almost dead.
The gnoll hits you but does no damage.
Unknown command.
The gnoll hits you from afar with a +0 spear!
Ouch! That really hurt!
* * * LOW HITPOINT WARNING * * *
The gnoll barely misses you. The gnoll completely misses you.
Casting: Sandblast (safe; 4% risk of failure)
Confirm with . or Enter, or press ? or * to list all spells.
Aiming: Sandblast (safe; 4% risk of failure)
Press: ? - help, Shift-Dir - straight line, f/p - gnoll
Aim: a gnoll, wielding a +0 spear (severely wounded, 82% to hit)
The blast of sand hits the gnoll.
The gnoll is almost dead.
The gnoll hits you from afar with a +0 spear.
You die...

#......$..#
#.........# #
##.........# .#
#......##### #.#
#..#.#.# ...##
#......#####.....
#.##...g.......#.
#................
.......#.....@.......
#.##.###.############
#..........#
##########.#
.........#
##############..#
................#
######.##.####.##
######....# #.#


You could see a gnoll.

Vanquished Creatures
  3 endoplasms (D:1)
3 creatures vanquished.

Notes
Turn   | Place    | Note
-------+----------+-------------------------------------------
     0 | D:1      | ders the Gargoyle Earth Elementalist began the quest for
                  | the Orb.
     0 | D:1      | Reached XP level 1. HP: 10/10 MP: 3/3
   213 | D:1      | Slain by a gnoll

Illustrated notes

Levels and vault maps discovered:
D:1:      dpeg_arrival_water_fire, layout_basic

Action                   || total
-------------------------++-------
 Cast: Sandblast         ||     8
Armor: Robe              ||     1
Dodge: Dodged            ||     2

Table legend: (Time is in decaauts)
 A = Elapsed time spent in this place.
 B = Non-inter-level travel time spent in this place.
 C = Inter-level travel time spent in this place.
 D = Time resting spent in this place.
 E = Time spent auto-exploring this place.
 F = Levels seen in this place.
 G = Mean time per level.
                   A        B        C        D        E       F      G
               +--------+--------+--------+--------+--------+-----+--------+
         Total |    213 |    208 |      5 |     22 |    152 |   1 |  213.0 |
       Dungeon |    213 |    208 |      5 |     22 |    152 |   1 |  213.0 |
               +--------+--------+--------+--------+--------+-----+--------+

Top non-repeatable levels by time:
     D:1: 213 daAuts
